 Dungeon Crawl Stone Soup version 0.18.1-48-g4cf74bf (webtiles) character file.

31052 JustSomeDude the Cleaver (level 13, 0/92 HPs)
             Began as a Demonspawn Monk on July 25, 2016.
             Was a High Priest of Qazlal.
             Slain by a rust devil (2 damage)
             ... summoned by an orc high priest
             ... on level 2 of the Orcish Mines.
             The game lasted 01:38:37 (12276 turns).

JustSomeDude the Cleaver (Demonspawn Monk)         Turns: 12276, Time: 01:38:38

Health: 0/92       AC: -1    Str: 15    XL:     13   Next: 23%
Magic:  11/16      EV: 10    Int: 13    God:    Qazlal [*****.]
Gold:   879        SH:  7    Dex: 18    Spells: 0 memorised, 12 levels left

rFire  + . .     SeeInvis .     m - +8 frozen axe "Frostbite" {freezing cloud, *Noise +Fly rC+}
rCold  + + .     Gourm    .     H - +1 chain mail (curse)
rNeg   . . .     Faith    .     (shield currently unavailable)
rPois  +         Spirit   .     g - +0 helmet
rElec  +         Dismiss  .     d - +2 cloak
rCorr  .         Reflect  .     (no gloves)
SustAt .         Harm     .     c - +2 pair of boots of the Assassin {DetectMon Stab+ Stlth++}
MR     .....                    p - amulet of regeneration
Stlth  +.........               T - +3 ring of protection
                                u - ring of protection from fire

@: about to teleport, protected from physical damage, corroded, repel missiles,
not resistant to hostile enchantments, very unstealthy
A: talons 2, slimy green scales 3, agile 1, cold resistance 1, deformed body,
frail 1, nightstalker 1, powered by death 1, electricity resistance, wild magic
1, evolution 1
a: Upheaval, Elemental Force, Disaster Area, Renounce Religion, Evoke Flight


You were on level 2 of the Orcish Mines.
You worshipped Qazlal.
Qazlal was extremely pleased with you.
You were not hungry.

You visited 3 branches of the dungeon, and saw 17 of its levels.

You collected 1726 gold pieces.
You spent 847 gold pieces at shops.

Inventory:

Hand Weapons
 m - the +8 frozen axe "Frostbite" (weapon) {freezing cloud, *Noise +Fly rC+}
   (You bought it in a shop on level 1 of the Orcish Mines)

   It has been specially enchanted to freeze those struck by it, causing extra
   injury to most foes and up to half again as much damage against particularly
   susceptible opponents.
   It can also slow down cold-blooded creatures.
   It protects you from cold.
   It lets you fly.
   It may make noises in combat.
 o - a +3 vampiric battleaxe
Missiles
 E - 3 tomahawks (quivered)
Armour
 c - the +2 pair of boots of the Assassin (worn) {DetectMon Stab+ Stlth++}
   (You acquired it on level 10 of the Dungeon)

   It makes you much more stealthy.
 d - a +2 cloak (worn)
 g - a +0 helmet (worn)
 H - a cursed +1 chain mail (worn)
 M - a +0 shield
Jewellery
 p - an amulet of regeneration (around neck)
 u - a ring of protection from fire (left hand)
 C - an uncursed ring of ice
 T - a +3 ring of protection (right hand)
 V - an uncursed amulet of the gourmand
Wands
 r - a wand of random effects (13/48)
 w - a wand of flame (16/48)
 z - a wand of disintegration (7/24)
 G - a wand of paralysis (11/24)
 N - a wand of enslavement (0/24)
 W - a wand of disintegration (9/24)
Scrolls
 h - 6 scrolls of remove curse
 k - a scroll of recharging
 n - 7 scrolls of teleportation
 y - 3 scrolls of identify
 F - 2 scrolls of magic mapping
Potions
 e - 3 potions of curing
 f - a potion of mutation
 i - a potion of berserk rage
 j - 3 potions of brilliance
 s - 3 potions of cancellation
 v - 2 potions of ambrosia
Books
 q - a book of Alchemy

   Spells                             Type                      Level
   a - Sublimation of Blood           Necromancy                   2
   b - Ignite Poison                  Fire/Transmutation/Poison    3
   c - Petrify                        Transmutation/Earth          4
   d - Alistair's Intoxication        Transmutation/Poison         5
   e - Irradiate                      Conjuration/Transmutation    5
 O - a book of Dreams

   Spells                             Type                      Level
   a - Ensorcelled Hibernation        Hexes/Ice                    2
   b - Silence                        Hexes/Air                    5
   c - Darkness                       Hexes                        6
   d - Shadow Creatures               Summoning                    6
Comestibles
 a - 4 beef jerkies
 b - 8 bread rations
 l - 2 chunks of flesh
 A - 4 meat rations
 D - 4 fruits
 P - 6 slices of pizza


   Skills:
 * Level 9.8 Fighting
 + Level 12.4 Axes
 * Level 9.9 Armour
 + Level 6.8 Dodging
 + Level 2.9 Stealth
 + Level 5.8 Shields
 - Level 4.0 Unarmed Combat
 * Level 4.5 Invocations
 * Level 4.2 Evocations


You had 12 spell levels left.
You didn't know any spells.

Dungeon Overview and Level Annotations

Branches:
Dungeon (14/15)            Temple (1/1) D:7            Lair (0/8) D:8
    Orc (2/2) D:9             Elf (0/3) Orc:2
 Vaults: D:13-14

Altars:
Ashenzari
Cheibriados
Dithmenos
Elyvilon
Fedhas
Gozag
Kikubaaqudgha
Makhleb
Nemelex Xobeh
Okawaru
Pakellas
Qazlal
Ru
Sif Muna
Trog
Vehumet
Xom
Yredelemnul
Zin
The Shining One

Shops:
D:11 *?   Orc:1 (   Orc:2 *


Innate Abilities, Weirdness & Mutations

You have razor-sharp toenails.
You are completely covered in slimy green scales (AC +4, rPois).
Your flesh is cold resistant.
You are slightly more attuned to the shadows.
You regenerate a little health from kills.
You are agile. (Dex +2)
Armour fits poorly on your strangely shaped body.
You are frail (-10% HP).
You are resistant to electric shocks.
Your spells are a little harder to cast, but a little more powerful.
You evolve.


Message History

Unknown command.
Unknown command.
Drink which item? (? for menu, Esc to quit)
You feel better.
The orc high priest hits you with a glaive!
Your resistance to electricity fades away.
You feel protected from physical attacks.
The orc priest hits you with a morningstar!
* * * LOW HITPOINT WARNING * * *
The rust devil hits you. The rust devil corrodes you!
Read which item? (? for menu, Esc to quit)
As you read the scroll of teleportation, it crumbles to dust.
You feel strangely unstable.
The orc priest hits you with a morningstar!
* * * LOW HITPOINT WARNING * * *
The orc high priest hits you with a glaive!
* * * LOW HITPOINT WARNING * * *
You feel more protected from physical attacks.
The rust devil hits you.
You die...

*,,,,,,,,* #.........#
#..
*,,,,,,,,**#........##
##.
*,,..,,,,,*#........#* ##
*,,%÷.,{,,##..(.#....#
**,..÷.,,*#....#§....#***
**..o.#*##...##......*,**
*%.(o§##....#*.#....,,,*
**#(.%§)4).##*##....*,**
##..o@4§## **.#****
###.%o## *,,,* #####
**,** ***


You could see 2 orc high priests, a hellwing, a rust devil and 2 orc priests.

Vanquished Creatures
  Rupert (D:13)
  2 centaur warriors
  An orc high priest (Orc:2)
  A tengu warrior (D:12)
  Sonja (D:10)
  An unseen horror (D:10)
  5 hill giants
  4 orc knights
  A cyclops (D:13)
  5 ugly things
  5 orc sorcerers
  A manticore (D:11)
  4 centaur zombies
  2 gargoyles
  An efreet (D:13)
  A troll (D:13)
  Prince Ribbit (D:7)
  Sigmund (D:5)
  12 yaks
  A wyvern (D:13)
  A vampire (D:13)
  2 wraiths
  3 basilisks (D:8)
  A human (D:7)
  A hippogriff (D:12)
  2 hungry ghosts
  A steam dragon (D:11)
  A hog (D:7)
  A mottled dragon (D:12)
  A warg (Orc:2)
  A soldier ant (D:10)
  3 porcupines
  An ice beast (D:12)
  28 orc warriors
  A black bear (D:9)
  3 sky beasts
  2 wasps
  12 ogres
  3 necrophages
  An eye of draining (D:8)
  3 phantoms
  3 centaurs
  3 crocodiles
  8 giant frogs
  A gnoll sergeant (Orc:2)
  2 big kobolds
  4 scorpions
  9 killer bees
  A wight (D:9)
  3 howler monkeys (D:9)
  9 crimson imps
  A giant frog zombie (D:9)
  6 hounds
  A quasit (D:7)
  3 jellies
  24 orc wizards
  20 orc priests
  Crazy Yiuf (D:4)
  A giant frog skeleton (D:8)
  5 iguanas
  Ijyb (D:3)
  10 worker ants
  15 sheep
  2 hound zombies
  A hound skeleton (D:4)
  A worker ant zombie (D:7)
  8 gnolls
  14 adders
  3 river rats (D:8)
  A shadow imp (D:10)
  2 oozes
  An adder zombie (D:7)
  A worm (D:4)
  3 dart slugs
  5 giant geckos
  88 orcs
  6 giant cockroaches
  10 goblins
  12 hobgoblins
  16 jackals
  5 quokkas
  A ball python skeleton (D:5)
  8 bats
  7 giant newts
  A jackal skeleton (D:5)
  20 kobolds
  2 quokka skeletons (D:6)
  A quokka zombie (D:5)
  6 rats
  A fungus (D:8)
480 creatures vanquished.

Vanquished Creatures (collateral kills)
  An orc (Orc:1)
1 creature vanquished.

Vanquished Creatures (others)
  An orc warrior (D:8)
  A big kobold (D:11)
  A giant frog (D:8)
  A killer bee (D:11)
  2 hounds (D:8)
  A giant gecko (D:8)
  An orc (D:8)
  A bush (D:8)
  2 fungi (D:8)
  8 plants (D:8)
19 creatures vanquished.

Grand Total: 500 creatures vanquished

Notes
Turn   | Place    | Note
--------------------------------------------------------------
     0 | D:1      | JustSomeDude the Demonspawn Monk began the quest for the Orb.
     0 | D:1      | Reached XP level 1. HP: 18/18 MP: 1/1
   189 | D:1      | Gained mutation: You regenerate a little health from kills. [demonic ancestry]
   189 | D:1      | Reached XP level 2. HP: 16/24 MP: 2/2
  1312 | D:2      | Reached XP level 3. HP: 29/29 MP: 3/3
  1324 | D:2      | Found a sacrificial altar of Ru.
  1466 | D:2      | Reached skill level 1 in Axes
  1561 | D:2      | Reached skill level 1 in Armour
  1561 | D:2      | Gained mutation: You are partially covered in slimy green scales (AC +2). [demonic ancestry]
  1561 | D:2      | Reached XP level 4. HP: 30/35 MP: 4/4
  2027 | D:3      | Reached XP level 5. HP: 17/41 MP: 5/5
  2301 | D:3      | Noticed a fire elemental
  2302 | D:3      | Found a stormy altar of Qazlal.
  2303 | D:3      | Noticed an air elemental
  2303 | D:3      | Noticed a water elemental
  2656 | D:3      | Noticed Ijyb
  2670 | D:3      | Killed Ijyb
  3050 | D:3      | Gained mutation: You are mostly covered in slimy green scales (AC +3). [demonic ancestry]
  3050 | D:3      | Reached XP level 6. HP: 48/48 MP: 6/6
  3139 | D:4      | Reached skill level 2 in Axes
  3705 | D:4      | Reached skill level 1 in Shields
  3804 | D:4      | Noticed Crazy Yiuf
  3821 | D:4      | Killed Crazy Yiuf
  3821 | D:4      | Reached skill level 3 in Axes
  3821 | D:4      | Gained mutation: You have sharp toenails. [demonic ancestry]
  3821 | D:4      | Reached XP level 7. HP: 47/53 MP: 7/7
  3998 | D:3      | Became a worshipper of Qazlal Stormbringer
  3998 | D:3      | Reached * piety under Qazlal
  3998 | D:3      | Reached ** piety under Qazlal
  4079 | D:5      | Entered Level 5 of the Dungeon
  4248 | D:5      | Found a sacrificial altar of Ru.
  4404 | D:5      | Noticed Sigmund
  4419 | D:5      | Killed Sigmund
  4432 | D:5      | Reached skill level 4 in Axes
  4446 | D:5      | Got a crude ring mail
  4457 | D:5      | Identified the +2 ring mail "Cepnukaig" {Str-2 Int+5} (You found it on level 5 of the Dungeon)
  4700 | D:6      | Reached XP level 8. HP: 55/61 MP: 8/8
  4707 | D:6      | Reached skill level 5 in Dodging
  5295 | D:6      | Reached skill level 5 in Axes
  5937 | D:7      | Reached skill level 5 in Fighting
  5945 | D:7      | Gained mutation: You have razor-sharp toenails. [demonic ancestry]
  5945 | D:7      | Reached XP level 9. HP: 64/68 MP: 9/9
  6145 | D:7      | Reached *** piety under Qazlal
  6147 | D:7      | Noticed Prince Ribbit
  6158 | D:7      | Reached skill level 6 in Axes
  6158 | D:7      | Reached skill level 5 in Armour
  6166 | D:7      | Killed Prince Ribbit
  6166 | D:7      | Reached skill level 1 in Evocations
  6230 | D:7      | Found a staircase to the Ecumenical Temple.
  6350 | Temple   | Entered the Ecumenical Temple
  6572 | D:8      | Noticed a gargoyle
  6579 | D:8      | Killed a gargoyle
  6644 | D:8      | Reached skill level 7 in Axes
  6681 | D:8      | Found a shimmering altar of Xom.
  6767 | D:8      | Reached **** piety under Qazlal
  6781 | D:8      | Gained mutation: You are slightly more attuned to the shadows. [demonic ancestry]
  6781 | D:8      | Reached XP level 10. HP: 73/76 MP: 11/11
  6783 | D:8      | Reached skill level 8 in Axes
  6876 | D:8      | Found a staircase to the Lair.
  7136 | D:8      | Found a glowing golden altar of the Shining One.
  7587 | D:9      | Gained mutation: Your muscles are strong. (Str +2) [mutagenic meat]
  7588 | D:9      | Gained mutation: You are robust (+10% HP). [mutagenic meat]
  7589 | D:9      | Gained mutation: You are dopey. (Int -2) [mutagenic meat]
  7590 | D:9      | Gained mutation: You are resistant to electric shocks. [mutagenic meat]
  7602 | D:9      | Gained mutation: You are very robust (+20% HP). [mutagenic meat]
  7645 | D:9      | Reached ***** piety under Qazlal
  7664 | D:9      | Found a staircase to the Orcish Mines.
  7905 | D:9      | Found a sparkling altar of Nemelex Xobeh.
  7914 | D:9      | Reached skill level 9 in Axes
  8055 | D:9      | Found a glowing silver altar of Zin.
  8168 | D:10     | Entered Level 10 of the Dungeon
  8171 | D:10     | Noticed a hill giant
  8187 | D:10     | Killed a hill giant
  8217 | D:10     | Gained mutation: You are completely covered in slimy green scales (AC +4, rPois). [demonic ancestry]
  8217 | D:10     | Reached XP level 11. HP: 99/100 MP: 12/12
  8279 | D:10     | Noticed Sonja
  8311 | D:10     | Killed Sonja
  8311 | D:10     | Reached skill level 10 in Axes
  8321 | D:10     | Found a shattered altar of Ashenzari.
  8491 | D:10     | Killed an unseen horror
  8729 | D:10     | Identified a scroll of acquirement
  8852 | D:10     | Gained mutation: You tend to lose your temper in combat. [potion of mutation]
  8853 | D:10     | Gained mutation: Scrolls take you a little longer to read. [potion of mutation]
  8853 | D:10     | Gained mutation: Your body sometimes deteriorates upon taking damage. [potion of mutation]
  8853 | D:10     | Lost mutation: Your body sometimes deteriorates upon taking damage. [potion of mutation]
  8980 | D:11     | Noticed a green ugly thing
  8990 | D:11     | Killed a green ugly thing
  9016 | D:11     | Lost mutation: Scrolls take you a little longer to read. [potion of cure mutation]
  9016 | D:11     | Lost mutation: You are very robust (+20% HP). [potion of cure mutation]
  9016 | D:11     | Lost mutation: Your muscles are strong. (Str +2) [potion of cure mutation]
  9016 | D:11     | Lost mutation: You tend to lose your temper in combat. [potion of cure mutation]
  9016 | D:11     | Lost mutation: You are robust (+10% HP). [potion of cure mutation]
  9027 | D:11     | Found Cetus's Magic Scroll Emporium.
  9032 | D:11     | Noticed a hill giant
  9038 | D:11     | Killed a hill giant
  9477 | D:11     | Found Teoffom's Assorted Antiques.
  9609 | D:11     | Noticed a hill giant
  9617 | D:11     | Killed a hill giant
  9617 | D:11     | Reached skill level 11 in Axes
  9779 | D:12     | Noticed a green ugly thing
  9781 | D:12     | Killed a green ugly thing
  9785 | D:12     | Gained mutation: You are frail (-10% HP). [mutagenic meat]
  9786 | D:12     | Gained mutation: You possess an exceptional clarity of mind. [mutagenic meat]
  9787 | D:12     | Gained mutation: You are very frail (-20% HP). [mutagenic meat]
  9843 | D:12     | Noticed a cyan ugly thing
  9846 | D:12     | Noticed a centaur warrior
  9854 | D:12     | Killed a cyan ugly thing
  9864 | D:12     | Killed a centaur warrior
  9876 | D:12     | Reached ****** piety under Qazlal
  9876 | D:12     | Reached XP level 12. HP: 71/71 MP: 13/13
  9984 | D:12     | Gained mutation: You are agile. (Dex +2) [potion of mutation]
  9986 | D:12     | Gained mutation: Your muscles are strong. (Str +2) [mutagenic meat]
  9987 | D:12     | Gained mutation: Your body sometimes deteriorates upon taking damage. [mutagenic meat]
  9989 | D:12     | Gained mutation: Armour fits poorly on your strangely shaped body. [mutagenic meat]
  9990 | D:12     | Lost mutation: Your body sometimes deteriorates upon taking damage. [potion of cure mutation]
  9990 | D:12     | Lost mutation: Your muscles are strong. (Str +2) [potion of cure mutation]
  9990 | D:12     | Lost mutation: You are dopey. (Int -2) [potion of cure mutation]
  9990 | D:12     | Lost mutation: You possess an exceptional clarity of mind. [potion of cure mutation]
 10086 | D:12     | Reached skill level 5 in Shields
 10266 | D:12     | Noticed a tengu warrior
 10284 | D:12     | Killed a tengu warrior
 10466 | D:13     | Noticed a centaur warrior
 10480 | D:13     | Killed a centaur warrior
 10480 | D:13     | Reached skill level 12 in Axes
 10589 | D:13     | Noticed Rupert
 10621 | D:13     | Killed Rupert
 11060 | D:13     | Gained mutation: You evolve. [mutagenic meat]
 11061 | D:13     | Lost mutation: You are very frail (-20% HP). [mutagenic meat]
 11062 | D:13     | Gained mutation: Your spells are a little harder to cast, but a little more powerful. [mutagenic meat]
 11338 | Orc:1    | Entered Level 1 of the Orcish Mines
 11370 | Orc:1    | Paralysed by an orc sorcerer for 6 turns
 11624 | Orc:1    | Gained mutation: Your flesh is cold resistant. [demonic ancestry]
 11624 | Orc:1    | Reached XP level 13. HP: 90/90 MP: 15/15
 11838 | Orc:1    | Found Siatuut's Weapon Boutique.
 11850 | Orc:1    | Bought the +8 frozen axe "Frostbite" {freezing cloud, *Noise +Fly rC+} for 847 gold pieces
 11932 | Orc:2    | Entered Level 2 of the Orcish Mines
 12150 | Orc:2    | Found Kocucz Gooh's General Store.
 12276 | Orc:2    | HP: 2/92 [orc high priest/glaive (10)]
 12276 | Orc:2    | Slain by a rust devil

Skill      XL: |  1  2  3  4  5  6  7  8  9 10 11 12 13 |
---------------+----------------------------------------+-----
Unarmed Combat | 4 |  4.0
Axes           | 1 3 4 5 7 9 11 12 | 12.4
Dodging        | 3 4 5 6 |  6.8
Stealth        | 2 |  2.9
Armour         | 1 2 3 4 6 7 8 9 |  9.9
Shields        | 1 2 3 4 5 |  5.8
Fighting       | 4 5 6 7 8 9 |  9.8
Evocations     | 1 3 4 |  4.2
Invocations    | 3 4 |  4.5

Action                   |  1- 3 |  4- 6 |  7- 9 | 10-12 | 13-15 || total
-------------------------+-------+-------+-------+-------+-------++-------
Melee: Unarmed           |    70 |       |       |       |       ||    70
       Hand axe          |    56 |   412 |   165 |       |       ||   633
       Punch             |     2 |     1 |       |       |       ||     3
       Battleaxe         |       |       |   210 |   784 |     8 ||  1002
       Executioner's axe |       |       |       |       |    53 ||    53
Throw: Tomahawk          |       |       |       |       |    12 ||    12
Invok: Elemental Force   |       |       |       |     1 |       ||     1
       Disaster Area     |       |       |       |     1 |       ||     1
       Upheaval          |       |       |       |       |     3 ||     3
Evoke: Wand              |       |     1 |    10 |    11 |     3 ||    25
  Use: Scroll            |     2 |     2 |     2 |    21 |     4 ||    31
       Potion            |       |       |     7 |    15 |     2 ||    24
 Stab: Sleeping          |     2 |     3 |       |       |       ||     5
       Distracted        |       |     1 |       |       |       ||     1
  Eat: Chunk             |     2 |     8 |    11 |    78 |       ||    99
       Bread ration      |       |       |     1 |       |       ||     1
       Meat ration       |       |       |       |     2 |       ||     2
       Pizza             |       |       |       |     2 |       ||     2
Armor: Robe              |    17 |       |       |       |       ||    17
       Ring mail         |    17 |   212 |    69 |       |       ||   298
       Chain mail        |       |       |   164 |   572 |    46 ||   782
Dodge: Dodged            |    79 |   320 |   173 |   363 |    27 ||   962
       Deflected         |       |       |       |    13 |     1 ||    14
Block: Buckler           |       |    70 |    57 |       |       ||   127
       Other             |       |       |    45 |   290 |    25 ||   360
